 Dungeon Crawl Stone Soup version 0.30.0 (webtiles) character file.

Game seed: 17972687230100467623

285511 brinewave the Executioner (level 19, -11/182 HPs)
             Began as a Minotaur Berserker on May 6, 2023.
             Was a High Priest of Trog.
             Killed from afar by an ironbound thunderhulk (42 damage)
             ... with a bolt of lightning
             ... on level 1 of the Vaults.
             The game lasted 02:09:02 (30592 turns).

brinewave the Executioner (Minotaur Berserker)     Turns: 30592, Time: 02:09:03

Health: -11/182    AC: 27    Str: 42    XL:     19   Next: 81%
Magic:  18/18      EV: 17    Int:  4    God:    Trog [*****.]
Gold:   4223       SH:  0    Dex: 11    Spells: 18/18 levels left

rFire   . . .        X - +6 battleaxe "Vojeng" {heavy, rC+}
rCold   + . .        (shield currently unavailable)
rNeg    . . .        v - +1 chain mail "Iphisos" {Will+ rCorr Str+4}
rPois   +            A - +2 hat
rElec   .            N - +2 cloak {rPois}
rCorr   +            x - +2 pair of gloves
SInv    +            Y - +0 pair of boots of Sin {rCorr Str+3 Stlth+}
Will    ++...        r - amulet of regeneration Stlth
                     S - +6 ring of strength
HPRegen 1.30/turn    D - ring of see invisible
MPRegen 0.16/turn

%: no passive effects
@: marked, studying 3 skills
A: horns 2, retaliatory headbutt
}: 2/15 runes: barnacled, gossamer
a: Renounce Religion, Berserk, Trog's Hand, Brothers in Arms


You were on level 1 of the Vaults.
You worshipped Trog.
Trog was extremely pleased with you.
You visited 7 branches of the dungeon, and saw 32 of its levels.
You visited the Abyss 1 time.
You also visited: Ice Cave.

You collected 4533 gold pieces.
You spent 310 gold pieces at shops.

Inventory:

Hand Weapons
 O - a +7 executioner's axe of flaming
 X - the +6 battleaxe "Vojeng" (weapon) {heavy, rC+}
   (Trog gifted it to you on level 4 of the Shoals)

   rC:        It protects you from cold.
Missiles
 b - 124 poisoned darts
 c - 34 boomerangs (quivered)
 B - 8 curare-tipped darts
 J - 7 throwing nets
 V - 6 silver javelins
Armour
 g - a +3 buckler of fire resistance
 v - the +1 chain mail "Iphisos" (worn) {Will+ rCorr Str+4}
   (You took it off an orc warrior on level 7 of the Dungeon)

   Str:       It affects your strength (+4).
   rCorr:     It protects you from acid and corrosion.
   Will:      It increases your willpower.
 x - a +2 pair of gloves (worn)
 A - a +2 hat (worn)
 M - the +4 plate armour of Perpetual Drought {Drain rC+ MP+9 Str+2}
   (You found it in an ice cave)

   Str:       It affects your strength (+2).
   rC:        It protects you from cold.
   MP:        It affects your magic capacity (+9).
   Drain:     It drains your maximum health when unequipped.
 N - a +2 cloak of poison resistance (worn)
 U - a scarf of invisibility
 Y - the +0 pair of boots of Sin (worn) {rCorr Str+3 Stlth+}
   (You acquired it on level 1 of the Spider Nest)

   Str:       It affects your strength (+3).
   rCorr:     It protects you from acid and corrosion.
   Stlth:     It makes you more stealthy.
Jewellery
 h - an amulet of reflection
 j - a ring of protection from fire
 m - a ring of flight
 o - a +5 ring of evasion
 r - an amulet of regeneration (around neck)
 D - a ring of see invisible (right hand)
 L - a ring of poison resistance
 S - a +6 ring of strength (left hand)
 W - the ring "Huorump" {rC+ Int-3 SInv Stlth+}
   (You found it on level 2 of the Spider Nest)

   [ring of see invisible]

   Int:       It affects your intelligence (-3).
   rC:        It protects you from cold.
   SInv:      It lets you see invisible.
   Stlth:     It makes you more stealthy.
 Z - a ring of willpower
Wands
 Q - a wand of digging (16)
Scrolls
 a - 2 scrolls of brand weapon
 f - 20 scrolls of teleportation
 i - a scroll of poison
 k - 7 scrolls of fog
 n - 2 scrolls of enchant armour
 t - 3 scrolls of fear
 w - 7 scrolls of blinking
 y - 9 scrolls of immolation
 E - 3 scrolls of magic mapping
 F - a scroll of enchant weapon
 H - 4 scrolls of silence
 I - 3 scrolls of summoning
 K - 11 scrolls of identify
Potions
 d - 8 potions of curing
 e - 8 potions of flight
 l - 2 potions of cancellation
 p - a potion of berserk rage
 q - 9 potions of mutation
 s - 7 potions of heal wounds
 u - 7 potions of might
 z - 3 potions of resistance
 C - 8 potions of haste
 G - 7 potions of invisibility
 P - 9 potions of ambrosia
Miscellaneous
 T - a box of beasts


   Skills:
 + Level 19.0 Fighting
 + Level 22.1(22.7) Axes
 - Level 9.3(17.0) Maces & Flails
 + Level 14.9 Throwing
 + Level 18.3 Armour
 + Level 17.6 Dodging
 - Level 2.0 Stealth


You had 18 spell levels left.
You didn't know any spells.
Your spell library was empty.

Dungeon Overview and Level Annotations

Branches:
Dungeon (15/15)            Temple (1/1) D:7            Lair (5/5) D:9
 Shoals (4/4) Lair:2       Spider (4/4) Lair:3        Slime (0/5) Lair:4
    Orc (2/2) D:11            Elf (0/3) Orc:2        Vaults (1/5) D:13
 Depths (0/4) D:15          IceCv (visited)

Altars:
Ashenzari
Cheibriados
Dithmenos
Elyvilon
Fedhas
Hepliaklqana
Kikubaaqudgha
Nemelex Xobeh
Okawaru
Sif Muna
Uskayaw
Vehumet
Wu Jian
Xom
Yredelemnul
Zin
The Shining One

Shops:
D:4 [   D:6 (   D:12 *   Orc:2 *[([


Innate Abilities, Weirdness & Mutations

You have a pair of horns on your head.
You reflexively headbutt those who attack you in melee.


Message History

You headbutt the orc warlord! The orc knight closely misses you.
You furiously retaliate!
You headbutt the orc knight! The orc warlord blocks your attack.
The orc warlord is severely wounded.
You hit the orc knight.
The orc knight no longer looks unusually strong.
The orc warlord roars a battlecry!
The orc knight goes into a battle-frenzy!
The orc knight completely misses you. The orc warlord blocks your attack.
You headbutt the orc warlord!
The orc warlord is severely wounded.
You slice the orc knight!!
You kill the orc knight!
Trog accepts your kill.
The orc warlord hits you with a +0 long sword!!
You chop the orc warlord into pieces!!!
You kill the orc warlord!
Trog accepts your kill.
An ironbound thunderhulk comes into view.
It is wielding a +0 dire flail.
A lindwurm comes into view.
A cyan ugly thing comes into view.
Electricity crackles from the ironbound thunderhulk's apparatus.
The bolt of lightning hits you!!!
* * * LOW HITPOINT WARNING * * *
There is an open door here.
Your iron troll goes berserk!
Electricity crackles from the ironbound thunderhulk's apparatus.
The bolt of lightning hits you!
* * * LOW HITPOINT WARNING * * *
A harpy comes into view.
Your iron troll bites the harpy!!!
The harpy dies!
Trog accepts your kill.
A harpy comes into view.
Your iron troll bites the harpy!!
Your iron troll claws the harpy! x2
The harpy dies!
Trog accepts your kill.
Your Fighting skill increases to level 19!
Electricity crackles from the ironbound thunderhulk's apparatus.
The bolt of lightning hits you!!!
You die...

..........................
..........................
..........................
......k...................
..........................
......)......O............
......)u...........#######
#.....).#####O##...# ##...
##......#@..T..#...###....
#......#......#...##....#
#......#......#...#......
#.......#......#...#....>.
........#......#...#..#...
........#......#...#.###..
#......# ### ##. #......#
##.. #...


You could see an ironbound thunderhulk (ally target) and a friendly iron troll
(summoned, berserk).

Vanquished Creatures
  Mara (Spider:3)
  Rupert (Lair:3)
  A tentacled starspawn (Abyss:2)
  A kraken (Shoals:2)
  Donald (Shoals:2)
  Roxanne (D:14)
  A frost giant (Shoals:4)
  An emperor scorpion (Spider:4)
  A vault warden (Vaults:1)
  7 ghost moths
  Louise (Shoals:1)
  6 slime creatures
  Aizul (Spider:2)
  The ghost of Bityczex the Eclecticist, an adept DEFE of Sif Muna (Shoals:1)
  2 orc warlords
  A broodmother (Spider:3)
  3 ironbound preservers (Vaults:1)
  A starcursed mass (Abyss:2)
  6 spark wasps
  Snorg (Lair:3)
  6 merfolk javelineers
  9 merfolk impalers
  A fire dragon (D:13)
  Josephine (Lair:3)
  A great orb of eyes (Vaults:1)
  5 entropy weavers
  11 hydras
  A rakshasa (D:15)
  An ice dragon (D:13)
  5 catoblepae
  The ghost of Iplucs the Ripper, a journeyman FeBe of Trog (D:13)
  6 boulder beetles
  3 vault guards
  An ironbound frostheart (Vaults:1)
  2 centaur warriors (D:13)
  2 merfolk aquamancers (Shoals:4)
  3 alligator snapping turtles (Shoals:4)
  3 radroaches
  5 jorogumos
  2 two-headed ogres
  3 merfolk avatars
  2 death knights
  A satyr (Shoals:1)
  9 death scarabs
  7 death yaks (Lair:5)
  A thrashing horror (Abyss:2)
  2 tengu warriors
  A dancing weapon (Abyss:2)
  A shock serpent (shapeshifter) (Vaults:1)
  Nergalle (Orc:1)
  4 pharaoh ants
  5 skysharks
  A sixfirhy (Abyss:2)
  4 sun moths
  9 sea snakes
  2 fire crabs (shapeshifter)
  A glowing orange brain (D:15)
  12 deep trolls (Vaults:1)
  7 orb spiders
  A swamp dragon (shapeshifter) (Vaults:1)
  A wolf spider zombie (Spider:4)
  5 ironbound convokers (Vaults:1)
  5 orc knights
  2 spectral wolf spiders (Spider:4)
  4 wizards
  4 deep elf pyromancers
  A phantasmal warrior (D:15)
  9 steelbarb worms
  17 harpies
  12 fauns
  A necromancer (D:13)
  7 cyclopes
  An oklob plant (Lair:2)
  A shining eye (shapeshifter) (D:13)
  2 moths of wrath
  25 wolf spiders
  A worldbinder (D:13)
  An elephant (shapeshifter) (Vaults:1)
  12 ugly things
  24 manticores
  5 merfolk sirens
  7 water nymphs
  An ice statue (IceCv)
  9 black mambas
  4 demonic crawlers
  3 gargoyles
  3 torpor snails
  7 elephants
  An unseen horror (D:12)
  16 cane toads
  4 spectral redbacks (Spider:4)
  Maggie (D:9)
  A rime drake (D:13)
  A komodo dragon (shapeshifter) (Vaults:1)
  5 kobold demonologists
  A redback zombie (Spider:4)
  10 komodo dragons
  A tengu conjurer (D:9)
  6 yaktaurs
  3 ice devils (D:13)
  3 freezing wraiths
  4 harpy zombies (Shoals:4)
  A merfolk (shapeshifter) (Vaults:1)
  4 trolls
  A meliai (D:13)
  7 polar bears
  4 spectral tarantellas (Spider:4)
  A spectral jumping spider (Spider:4)
  7 wind drakes
  5 raiju (Abyss:2)
  Prince Ribbit (D:5)
  4 hornets
  A troll (shapeshifter) (D:15)
  A tarantella zombie (Spider:4)
  20 merfolk
  A raiju (shapeshifter) (D:15)
  7 dream sheep
  25 tarantellas
  A jumping spider zombie (Spider:4)
  7 snapping turtles
  19 blink frogs
  A slime creature (shapeshifter) (Vaults:1)
  23 jumping spiders
  Sigmund (D:2)
  5 centaur simulacra (D:13)
  23 culicivoras
  3 shadows
  57 yaks
  5 vampires
  7 water elementals
  5 wyverns
  An unseen horror simulacrum (D:9)
  8 wraiths
  19 humans (D:13)
  A fire bat (Abyss:2)
  45 redbacks
  6 vampire mosquitoes
  2 steam dragons
  6 basilisks
  4 wargs
  2 death yak simulacra (IceCv)
  14 water moccasins
  7 acid dragons
  35 orc warriors
  4 ice beasts
  A sky beast (D:7)
  9 black bears
  7 ogres
  15 wolves
  A small abomination (Abyss:2)
  8 centaurs
  Blork the orc (D:5)
  15 kobold brigands
  20 bullfrogs
  4 gnoll sergeants
  2 scorpions
  8 wights
  An elephant simulacrum (IceCv)
  20 killer bees (D:9)
  10 howler monkeys
  7 electric eels
  37 orc priests
  5 hounds
  2 jellies (D:5)
  2 gnoll boudas
  An iron imp (Abyss:2)
  2 iguanas (D:5)
  3 sleepcaps
  39 orc wizards
  A polar bear simulacrum (IceCv)
  A boggart simulacrum (D:13)
  21 gnolls
  7 adders
  2 white imps
  3 ufetubi
  4 worms
  2 dart slugs
  113 orcs
  7 ball pythons
  10 bats
  2 bat zombies (Shoals:4)
  5 endoplasms
  6 giant cockroaches
  18 hobgoblins
  22 kobolds
  5 quokkas
  4 frilled lizards
  17 goblins
  9 rats
  5 bushes (Lair:2)
  2 plants
  3 tentacles (Shoals:2)
1303 creatures vanquished.

Vanquished Creatures (collateral kills)
  The ghost of robotcentaur the Nimble, an adept TeNe of Gozag (Spider:2)
  A spark wasp (Spider:4)
  A merfolk impaler (Shoals:4)
  An entropy weaver (Spider:2)
  A centaur warrior (D:13)
  A death knight (D:13)
  3 death yaks (Lair:5)
  Sonja (Lair:3)
  2 sun moths (Spider:2)
  The ghost of edsrzf the Basher, a novice DrCA of Ignis (D:7)
  4 orb spiders (Spider:2)
  2 harpies (Vaults:1)
  2 oklob plants (Lair:2)
  A cyclops (Shoals:1)
  A manticore (Shoals:1)
  A wolf spider (Spider:2)
  An ice statue (IceCv)
  Psyche (D:9)
  A redback zombie (Spider:4)
  3 merfolk
  2 dream sheep (Shoals:1)
  A tarantella (Spider:2)
  3 culicivoras (Spider:2)
  A yak (Lair:5)
  6 redbacks (Spider:2)
  A warg (D:7)
  3 orc warriors
  A floating eye (Lair:2)
  An orc priest (D:7)
  4 orcs (D:7)
53 creatures vanquished.

Vanquished Creatures (others)
  29 fungi
  109 plants
  A tentacle (Shoals:2)
139 creatures vanquished.

Grand Total: 1495 creatures vanquished

Notes
Turn   | Place    | Note
-------+----------+-------------------------------------------
     0 | D:1      | brinewave the Minotaur Berserker began the quest for the
                  | Orb.
     0 | D:1      | Reached XP level 1. HP: 19/19 MP: 0/0
   177 | D:1      | Reached skill level 4 in Axes
   181 | D:1      | Reached XP level 2. HP: 26/27 MP: 1/1
   617 | D:1      | Reached ** piety under Trog
   765 | D:1      | Reached XP level 3. HP: 33/33 MP: 2/2
  1186 | D:2      | Reached skill level 5 in Axes
  1297 | D:2      | Noticed Sigmund
  1302 | D:2      | Killed Sigmund
  1303 | D:2      | Reached skill level 6 in Axes
  1303 | D:2      | Reached XP level 4. HP: 41/41 MP: 3/3
  1303 | D:2      | Reached XP level 5. HP: 47/47 MP: 4/4
  1870 | D:3      | Reached XP level 6. HP: 55/55 MP: 5/5
  1887 | D:3      | Reached skill level 7 in Axes
  1890 | D:3      | Reached skill level 5 in Fighting
  2276 | D:3      | Reached *** piety under Trog
  2464 | D:4      | Found Nattenk's Armour Shop.
  2649 | D:4      | Reached XP level 7. HP: 61/61 MP: 6/6
  2705 | D:4      | Found a basalt altar of Yredelemnul.
  2712 | D:4      | Found a glowing golden altar of the Shining One.
  2714 | D:4      | Noticed an angel
  2717 | D:4      | Reached skill level 8 in Axes
  2931 | D:5      | Entered Level 5 of the Dungeon
  3002 | D:5      | Found an iron altar of Okawaru.
  3023 | D:5      | Reached skill level 1 in Stealth
  3034 | D:5      | Noticed Prince Ribbit
  3065 | D:5      | Killed Prince Ribbit
  3066 | D:5      | Reached skill level 9 in Axes
  3221 | D:5      | Reached XP level 8. HP: 58/70 MP: 7/7
  3450 | D:5      | Found a shadowy altar of Dithmenos.
  3587 | D:5      | Noticed Blork the orc
  3593 | D:5      | Killed Blork the orc
  3612 | D:5      | Reached skill level 1 in Throwing
  3717 | D:5      | Reached skill level 10 in Axes
  3724 | D:5      | Reached **** piety under Trog
  4039 | D:6      | Found a shimmering blue altar of Sif Muna.
  4128 | D:6      | Found Jifun's Weapon Shoppe.
  4591 | D:6      | Reached skill level 11 in Axes
  4700 | D:7      | Reached XP level 9. HP: 78/78 MP: 8/8
  4923 | D:7      | Reached skill level 12 in Axes
  4954 | D:7      | Reached skill level 5 in Armour
  4983 | D:7      | Identified the +10 falchion of Foabuis {freeze, *Noise
                  | rPois Int+3 Dex+8}
  5194 | D:7      | Found a white marble altar of Elyvilon.
  5276 | D:7      | Found a runed translucent gate.
  5277 | D:7      | Found a runed translucent gate.
  5277 | D:7      | Identified the +1 chain mail "Iphisos" {Will+ rCorr Str+4}
  5277 | D:7      | Noticed edsrzf's ghost (novice DrCA)
  5278 | D:7      | Found a runed translucent gate.
  5393 | D:7      | Reached skill level 13 in Axes
  5494 | D:7      | Found a staircase to the Ecumenical Temple.
  5503 | Temple   | Entered the Ecumenical Temple
  5883 | D:8      | Paralysed by a hornet for 3 turns
  6033 | D:8      | Reached ***** piety under Trog
  6074 | D:8      | Identified the +4 flail of Cehyrup {elec, Fragile rF+++
                  | rCorr Stlth+}
  6162 | D:8      | Reached XP level 10. HP: 79/88 MP: 9/9
  6176 | D:8      | Reached skill level 1 in Maces & Flails
  6257 | D:8      | Found a hazy altar of Hepliaklqana.
  6333 | D:8      | Found a snail-covered altar of Cheibriados.
  6509 | D:8      | Found a broken altar of Ashenzari.
  6600 | D:8      | Reached skill level 14 in Axes
  7082 | D:7      | Killed edsrzf's ghost
  7083 | D:7      | Reached skill level 5 in Maces & Flails
  7225 | D:9      | Noticed an elephant
  7226 | D:9      | Found a staircase to the Lair.
  7245 | D:9      | Killed an elephant
  7285 | D:9      | Noticed Maggie
  7294 | D:9      | Killed Maggie
  7319 | D:9      | Noticed Psyche
  7327 | D:9      | Killed Psyche
  7403 | D:9      | Reached XP level 11. HP: 94/95 MP: 10/10
  7479 | D:9      | Noticed a two-headed ogre
  7499 | D:9      | Killed a two-headed ogre
  7549 | D:9      | Noticed a red ugly thing
  7549 | D:9      | Noticed a deep elf pyromancer
  7562 | D:9      | Killed a red ugly thing
  7566 | D:9      | Killed a deep elf pyromancer
  7568 | D:9      | Received a gift from Trog
  7653 | D:9      | Noticed a deep elf pyromancer
  7664 | D:9      | Reached skill level 5 in Dodging
  7730 | D:9      | Reached skill level 15 in Axes
  7733 | D:9      | HP: 4/97 [fire elemental[a deep elf pyromancer] (10)]
  7739 | D:9      | Killed a deep elf pyromancer
  7763 | D:9      | Noticed a wizard
  7771 | D:9      | Killed a wizard
  7811 | D:9      | Reached skill level 5 in Throwing
  7846 | D:9      | Identified the +0 helmet of Creativity {rElec rPois rCorr
                  | Str-2}
  7855 | D:9      | Noticed a red ugly thing
  7861 | D:9      | Killed a red ugly thing
  7987 | D:9      | Reached XP level 12. HP: 100/106 MP: 11/11
  8007 | D:9      | Identified the +5 spear of Defiance {protect, Stlth+}
  8331 | Lair:1   | Entered Level 1 of the Lair of Beasts
  8342 | Lair:1   | Reached skill level 10 in Fighting
  8356 | Lair:1   | Reached skill level 16 in Axes
  8565 | Lair:1   | Noticed a catoblepas
  9014 | Lair:1   | Killed a catoblepas
  9541 | Lair:2   | Paralysed by a floating eye for 3 turns
  9548 | Lair:2   | Paralysed by a floating eye for 4 turns
  9887 | Lair:2   | Noticed a boulder beetle
  9900 | Lair:2   | Reached XP level 13. HP: 116/116 MP: 12/12
  9902 | Lair:2   | Reached skill level 10 in Armour
 10490 | Lair:2   | Found a staircase to the Shoals.
 10684 | Lair:3   | Reached skill level 17 in Axes
 10813 | Lair:3   | Noticed Rupert
 10822 | Lair:3   | Killed Rupert
 10955 | Lair:3   | Noticed Josephine
 10957 | Lair:3   | Noticed Snorg
 10961 | Lair:3   | Killed Josephine
 10976 | Lair:3   | Killed Snorg
 11060 | Lair:3   | Found a hole to the Spider Nest.
 11143 | Lair:3   | Noticed Sonja
 11154 | Lair:3   | Killed Sonja
 11880 | Lair:4   | Found a staircase to the Slime Pits.
 12603 | Lair:5   | Entered Level 5 of the Lair of Beasts
 12634 | Lair:5   | Reached XP level 14. HP: 127/127 MP: 13/13
 12756 | Lair:5   | Received a gift from Trog
 13410 | Lair:5   | Reached skill level 18 in Axes
 13442 | Lair:5   | Reached skill level 10 in Dodging
 14194 | D:10     | Entered Level 10 of the Dungeon
 14509 | D:10     | Received a gift from Trog
 14755 | D:10     | Found a blossoming altar of Fedhas.
 15469 | D:11     | Identified the +1 robe of the Moon Troll {Will+}
 15537 | D:11     | Found a staircase to the Orcish Mines.
 15753 | Orc:1    | Entered Level 1 of the Orcish Mines
 15906 | Orc:1    | Reached ****** piety under Trog
 16043 | Orc:1    | Noticed Nergalle
 16052 | Orc:1    | Killed Nergalle
 16218 | Orc:2    | Entered Level 2 of the Orcish Mines
 16222 | Orc:2    | Received a gift from Trog
 16317 | Orc:2    | Reached skill level 10 in Throwing
 16364 | Orc:2    | Found Uchib's Assorted Antiques.
 16404 | Orc:2    | Bought a scroll of teleportation for 72 gold pieces
 16486 | Orc:2    | Found a staircase to the Elven Halls.
 16596 | Orc:2    | Found Ylal's Antique Armour Boutique.
 16892 | Orc:2    | Reached XP level 15. HP: 124/138 MP: 14/14
 16901 | Orc:2    | Received a gift from Trog
 16937 | Orc:2    | Found Xonlucza's Antique Armour Boutique.
 16939 | Orc:2    | Found Bud Unuh's Antique Weapon Shop.
 17362 | D:12     | Found Eniorch's General Store.
 17373 | D:12     | Bought a scroll of blinking for 105 gold pieces
 17373 | D:12     | Bought a scroll of identify for 28 gold pieces
 17373 | D:12     | Bought a scroll of enchant armour for 105 gold pieces
 17766 | D:12     | Found a radiant altar of Vehumet.
 17851 | D:13     | Found a runed translucent gate.
 17851 | D:13     | Found a runed translucent gate.
 17851 | D:13     | Found a runed translucent gate.
 17873 | D:13     | Found a frozen archway.
 17910 | IceCv    | Entered an ice cave
 17922 | IceCv    | Found a transporter.
 17954 | IceCv    | Reached XP level 16. HP: 147/147 MP: 15/15
 17955 | IceCv    | Found a transporter.
 17969 | IceCv    | Identified the +4 plate armour of Perpetual Drought {Drain
                  | rC+ MP+9 Str+2}
 18171 | D:13     | Reached skill level 19 in Axes
 18395 | D:13     | Received a gift from Trog
 18615 | D:13     | Noticed Iplucs's ghost (journeyman FeBe)
 18655 | D:13     | Reached skill level 15 in Fighting
 18715 | D:13     | Found a gate to the Vaults.
 18722 | Abyss:2  | Cast into level 2 of the Abyss (a wizard)
 18746 | Abyss:2  | Noticed a tentacled starspawn
 18752 | Abyss:2  | Killed a tentacled starspawn
 18900 | D:13     | Escaped the Abyss
 19666 | D:13     | Killed Iplucs's ghost
 19773 | D:13     | Got the ring "Ywner" {Fire rN+ Str-3 Dex+3}
 20156 | D:14     | Received a gift from Trog
 20217 | D:14     | Noticed Roxanne
 20233 | D:14     | Killed Roxanne
 20477 | D:15     | Entered Level 15 of the Dungeon
 20638 | D:15     | Identified the +7 trident of Amortisation {venom, rPois rF-
                  | rC+}
 20662 | D:15     | Reached XP level 17. HP: 156/156 MP: 16/16
 20981 | D:15     | Found a staircase to the Depths.
 21325 | Shoals:1 | Entered Level 1 of the Shoals
 21359 | Shoals:1 | Reached skill level 15 in Armour
 21684 | Shoals:1 | Noticed Louise
 21698 | Shoals:1 | Killed Louise
 21699 | Shoals:1 | Reached skill level 20 in Axes
 21819 | Shoals:1 | Received a gift from Trog
 21931 | Shoals:1 | Found a runed translucent door.
 21934 | Shoals:1 | Noticed Bityczex's ghost (adept DEFE)
 21947 | Shoals:1 | Killed Bityczex's ghost
 21978 | Shoals:1 | Identified the +7 long sword of the Tomato {chaos, rF+
                  | Str+5}
 23038 | Shoals:2 | Noticed a kraken
 23046 | Shoals:2 | Killed a kraken
 23161 | Shoals:2 | Identified the +0 kite shield "Onoriwim" {Will- Regen+
                  | Str-4 Dex+6}
 23161 | Shoals:2 | Noticed Donald
 23170 | Shoals:2 | Killed Donald
 24507 | Shoals:4 | Entered Level 4 of the Shoals
 24549 | Shoals:4 | Identified the +6 battleaxe "Vojeng" {heavy, rC+} (Trog
                  | gifted it to you on level 4 of the Shoals)
 24549 | Shoals:4 | Received a gift from Trog
 24872 | Shoals:4 | Identified the staff of conjuration "Tosyrgh" {rPois}
 25037 | Shoals:4 | Reached XP level 18. HP: 168/168 MP: 17/17
 25304 | Shoals:4 | HP: 3/169 [poisoned by a merfolk impaler]
 25517 | Shoals:4 | Got a barnacled rune of Zot
 25879 | Spider:1 | Entered Level 1 of the Spider Nest
 25937 | Lair:3   | Received a gift from Trog
 26381 | Spider:1 | Identified 2 scrolls of acquirement
 26382 | Spider:1 | Acquired the +0 pair of boots of Sin {rCorr Str+3 Stlth+}
 26396 | Spider:1 | Acquired a manual of Dodging
 26769 | Spider:2 | Noticed robotcentaur's ghost (adept TeNe)
 26778 | Spider:2 | Found a transporter.
 26830 | Spider:2 | Reached skill level 21 in Axes
 27000 | Spider:2 | Reached skill level 15 in Dodging
 27018 | Spider:2 | Found a transporter.
 27058 | Spider:2 | Received a gift from Trog
 27100 | Spider:2 | Noticed Aizul
 27110 | Spider:2 | Killed Aizul
 27551 | Spider:2 | Killed robotcentaur's ghost
 27553 | Spider:2 | Identified the ring "Huorump" {rC+ Int-3 SInv Stlth+}
 27967 | Spider:3 | Noticed Mara
 27984 | Spider:3 | Killed Mara
 28267 | Spider:3 | Identified the +8 battleaxe "Kirooh" {flame, rF+ Dex+3}
                  | (Trog gifted it to you on level 3 of the Spider Nest)
 28267 | Spider:3 | Received a gift from Trog
 28271 | Spider:3 | Identified the +1 scale mail of the Gate {Dex+5 Stlth+}
 28359 | Spider:3 | Reached XP level 19. HP: 178/179 MP: 18/18
 28490 | Spider:4 | Entered Level 4 of the Spider Nest
 29133 | Spider:4 | Received a gift from Trog
 29175 | Spider:4 | Paralysed by a jorogumo for 1 turns
 29444 | Spider:4 | Got a gossamer rune of Zot
 29934 | Vaults:1 | Entered Level 1 of the Vaults
 30119 | Vaults:1 | Identified the +11 war axe of Wisdom {flame, *Rage Will+++
                  | rCorr Stlth+} (Trog gifted it to you on level 1 of the
                  | Vaults)
 30119 | Vaults:1 | Received a gift from Trog
 30125 | Vaults:1 | Reached skill level 22 in Axes
 30592 | Vaults:1 | Killed from afar by an ironbound thunderhulk

Illustrated notes

Levels and vault maps discovered:
D:1:      dpeg_arrival_arbitrary_b, layout_loops_ring,
          hangedman_decor_peaks_small, dk_noncrumbling_2,
          minmay_misc_feat_plants
D:2:      layout_basic, serial_park_tiny_pond, uniq_sigmund
D:3:      layout_loops_ring, bh_walls_and_bars
D:4:      layout_basic, grunt_temple_overflow_holy_war, serial_shops,
          nicolae_shop_pleasant_corner_grove
D:5:      layout_basic, okawaru_trees_2, overflow_temple_1_default,
          eino_tiny_chamber, corner_web_ring, kennysheep_opposing_triangles,
          uniq_prince_ribbit1, uniq_blork_the_orc
D:6:      layout_cave_pods, mainiacjoe_overflow_alcove_1, serial_shops, shop,
          nicolae_fountain_basement
D:7:      layout_basic, mainiacjoe_overflow_surrounded_room,
          minmay_temple_entry_poolview, biasface_ghost_orc_armoury,
          minmay_crystal_water
D:8:      corexii_shantytown, layout_basic, cheibrodos_ashenzari_chains,
          cheibrodos_worm_habitat, nicolae_hepliaklqana_hazy_memory
D:9:      layout_basic, david_lair_generic, chequers_hall_statues_corner_a,
          nicolae_rejected_hall, uniq_psyche, uniq_maggie
D:10:     layout_roguey, fedhas_altar_3
D:11:     layout_roguey, erik_orc_2
D:12:     layout_basic, serial_shops, nicolae_shop_crystal, minivault_10,
          nicolae_vehumet_altar_sigil
D:13:     layout_layer_cave, grunt_vaults_entry_tiered,
          portal_ice_cave_entry_animals_and_master, gammafunk_ghost_icy,
          minivault_28
D:14:     layout_irregular_city, hangedman_decor_slide_cut, uniq_roxanne
D:15:     gammafunk_enter_depths_forms, layout_small_grid,
          hangedman_decor_cross_pass, drop_trap
Temple:   nicolae_temple_ecumenical_triangle
Lair:1:   layout_regular_city, cheibrodos_lair_caveside_slide,
          beast_lair_carwin_1
Lair:2:   nzn_winding_woodlands_stair_cross [nzn_winding_woodlands_5x15_zeroes,
          nzn_winding_woodlands_center_triple_pond,
          nzn_winding_woodlands_5x15_pockets,
          nzn_winding_woodlands_5x5_checkerboard,
          nzn_winding_woodlands_5x5_perimeter,
          nzn_winding_woodlands_5x15_crooked,
          nzn_winding_woodlands_center_pierced_h,
          nzn_winding_woodlands_5x15_eye], layout_cave_pods,
          minmay_shoals_entry_hut, disabler_island
Lair:3:   layout_roguey, spider_nest_entry_a, uniq_sonja, uniq_josephine,
          uniq_rupert, uniq_snorg
Lair:4:   layout_cave_pods, slime_entry_1, cheibrodos_lair_lostbears,
          lemuel_fruit_fields
Lair:5:   evilmike_catoblepas_cave, layout_regular_city, grunt_megastairs_4
Shoals:1: cheibrodos_shoals_oceanic_diplomacy, layout_shoals,
          ebering_ghost_inner_flame, uniq_louise
Shoals:2: layout_shoals, uniq_donald
Shoals:3: layout_shoals, nicolae_shoals_hunting_party
Shoals:4: shoals_end_grunt_ice, layout_shoals, nicolae_shoals_undead_eyrie
Spider:1: layout_spider_delve
Spider:2: nicolae_spider_mines_1, gammafunk_ghost_berserking_beasts,
          nicolae_spider_stair_cavern, uniq_aizul
Spider:3: layout_spider_delve, uniq_mara
Spider:4: floodkiller_spider_rune_tomb, spiders_nest_ghost_moth_duel
Orc:1:    layout_diamond_mine, special_room [special_room_kobold],
          minmay_orc_temple_b, uniq_nergalle
Orc:2:    grunt_orc_community_town_hall, layout_diamond_mine,
          grunt_orc_community_big_house_2, grunt_orc_community_big_house_1,
          grunt_orc_community_house_2, grunt_orc_community_house_2,
          grunt_orc_community_house_1, grunt_orc_community_house_1
Vaults:1: nicolae_vaults_tetromino_Z_1, nicolae_vaults_loss_of_containment,
          hangedman_vaults_pinch, v_misc_11, nicolae_vaults_angled_halls,
          nicolae_vaults_diamond_1, hangedman_vaults_maws,
          layout_vaults_chaotic_city

Skill      XL: |  1  2  3  4  5  6  7  8  9 10 11 12 13 14 15 16 17 18 19 |
---------------+----------------------------------------------------------+-----
Axes           | 4 6 7 9 11 13 14 15 16 17 18 19 20 21 22 | 22.1
Fighting       | 4 5 6 8 9 11 12 14 15 16 18 19 | 19.0
Dodging        | 3 4 5 7 9 10 11 12 14 15 17 | 17.6
Armour         | 3 4 6 7 8 9 11 12 13 14 16 17 18 | 18.3
Stealth        | 1 2 |  2.0
Throwing       | 1 3 5 6 8 10 11 12 14 | 14.9
Maces & Flails | 7 9 |  9.3

Action                     |  1- 3 |  4- 6 |  7- 9 | 10-12 | 13-15 | 16-18 | 19-21 || total
---------------------------+-------+-------+-------+-------+-------+-------+-------++-------
  Melee: Hand axe          |    86 |    77 |   269 |       |       |       |       ||   432
         Headbutt          |    10 |    12 |    43 |    52 |   141 |   156 |    51 ||   465
         Punch             |       |       |     3 |     1 |       |       |       ||     4
         Flail             |       |       |    12 |   209 |       |       |       ||   221
         Executioner's axe |       |       |       |   196 |   679 |   561 |       ||  1436
         Battleaxe         |       |       |       |       |       |   245 |   235 ||   480
  Throw: Stone             |     1 |     2 |     8 |     7 |       |       |       ||    18
         Boomerang         |       |       |       |       |     3 |    22 |    36 ||    61
         Dart              |       |       |       |       |     5 |    19 |       ||    24
         Javelin           |       |       |       |       |       |     6 |       ||     6
 Invoke: Berserk           |     1 |       |       |       |     2 |     2 |       ||     5
         Brothers in Arms  |       |       |       |     6 |     3 |    10 |     2 ||    21
         Trog's Hand       |       |       |       |     3 |       |     4 |       ||     7
    Use: Scroll            |       |     4 |     5 |     9 |    23 |     9 |       ||    50
         Potion            |       |       |     1 |     1 |     2 |     2 |       ||     6
   Stab: Sleeping          |     1 |     4 |       |       |       |       |       ||     5
         Petrified         |       |       |       |       |     9 |       |       ||     9
         Petrifying        |       |       |       |       |     2 |       |       ||     2
         Distracted        |       |       |       |       |       |     1 |     1 ||     2
 Armour: Animal skin       |    11 |       |       |       |       |       |       ||    11
         Leather armour    |     5 |    12 |     5 |       |       |       |       ||    22
         Plate armour      |       |       |    61 |    22 |       |   186 |       ||   269
         Chain mail        |       |       |       |   104 |   236 |   459 |   160 ||   959
         Scale mail        |       |       |       |       |     1 |     4 |       ||     5
  Dodge: Dodged            |    52 |    52 |   182 |   413 |   561 |   705 |   194 ||  2159
  Block: Other             |       |       |       |       |     8 |       |       ||     8
